 Dungeon Crawl Stone Soup version 0.32-a0-871-ge202e49faa (webtiles) character file.

Game seed: 8916413121331371690

209 kae the Slasher (level 5, -3/37 (38) HPs)
             Began as a Coglin Gladiator on Mar 29, 2024.
             Slain by a hell rat (14 damage)
             ... in a sewer.
             The game lasted 00:03:01 (1990 turns).

kae the Slasher (Coglin Gladiator)                  Turns: 1990, Time: 00:03:01

HP:   -3/37 (38)    AC:  4    Str: 14    XL:     5   Next: 87%
MP:   5/5           EV: 11    Int:  8    God:
Gold: 77            SH:  0    Dex: 17    Spells: 4/4 levels left

rFire   . . .        a - +0 long sword {Dietrich}
rCold   . . .        f - +0 dagger {Latda}
rNeg    . . .        b - +0 leather armour
rPois   .            c - +0 helmet
rElec   .            (no cloak)
rCorr   .            (no gloves)
SInv    .            (no boots)
Will    .....        (amulet unavailable)
Stlth   +            (ring unavailable)
HPRegen 0.26/turn    (ring unavailable)
MPRegen 0.09/turn    (no gizmo)

%: no passive effects
@: lightly drained, revved
A: off-hand wielding, slow wielding, warmup strikes, no jewellery
a: Invent Gizmo


You were in a sewer.
You visited 1 branch of the dungeon, and saw 3 of its levels.
You also visited: Sewer.

You collected 77 gold pieces.


Innate Abilities, Weirdness & Mutations

You can wield a second weapon in your off-hand.
It takes a long time for you to wield or remove held weapons.
Your first few attacks do less damage.
You cannot equip rings or amulets.


   Skills:
 - Level 2.0 Fighting
 + Level 6.3 Long Blades
 - Level 1.7 Throwing
 - Level 2.6 Dodging


You had 4 spell levels left.
You didn't know any spells.
Your spell library contained the following spells:

 Spells                   Type           Power      Damage    Failure   Level
 Slow                     Hex            0%         N/A       50%         1
 Confusing Touch          Hex            0%         N/A       86%         3
 Vampiric Draining        Necr           0%         2d6       86%         3

Inventory:

Hand Weapons
 a - a +0 long sword (weapon) {Dietrich}
 f - a +0 dagger (offhand) {Latda}
Missiles
 d - 3 throwing nets (quivered) {=f!f}
 e - a javelin
Armour
 b - a +0 leather armour (worn)
 c - a +0 helmet (worn)
Magical Staves
 j - a staff of death {!a}
   (You found it on level 2 of the Dungeon)
Wands
 m - a wand of flame (9)
   (You took it off Jessica on level 3 of the Dungeon)
Scrolls
 g - 4 scrolls of identify {@r1}
 h - a scroll of immolation {!r!r}
 k - a scroll of noise {unknown}
 l - a scroll of torment {unknown}

Dungeon Overview and Level Annotations

Branches:
Dungeon (3/15) Zot: 16190   Sewer (1/1) Zot: 5808

Altars:

#~~.~.~~#
##~~~~~.~##
#~.~###~..#
##.~##.##~~##
#~~~#...#~†.#
#.~##~~?##~.#
#.~#.~~!?#.~#
#~~r~~~!∩#∩∩#
#.@#.~~?!#††#
#~~##~~!##.~#
#..~ ~~~#~.~#
##..# .##.~##
#.~~ #~~.#
##.~. ~~~##
.~..~.~
##~~.##


You could see a hell rat.


Message History

You start resting.
A rat comes into view. 😱 HP[+4]
You regained 4 hp, and now have 8/38 hp.
You see here a river rat corpse.
The rat squeaks loudly. 😱 HP[+1]
You hit the rat with your +0 dagger.
You slash the rat with your +0 long sword!
You kill the rat! 😨 HP[+1]
There is a gate leading back out of this place here.
You start resting.
A rat comes into view. 😨 HP[+5]
You regained 5 hp, and now have 15/38 hp. 😨 HP[+1]
You hit the rat with your +0 dagger.
You slash the rat with your +0 long sword!
You kill the rat! 😨 HP[+1]
You start resting. 😕 HP[+15]
You regained 15 hp, and now have 32/38 hp.
You start resting. 😎 HP[+6]
Your hp is fully restored (38).
You enter the shallow water.
Moving in this stuff is going to be slow.
You enter the shallow water.
Moving in this stuff is going to be slow.
You enter the shallow water.
Moving in this stuff is going to be slow.
You enter the shallow water.
Moving in this stuff is going to be slow.
You enter the shallow water.
Moving in this stuff is going to be slow.
You enter the shallow water.
Moving in this stuff is going to be slow.
You open the door.
A hell rat comes into view.
The hell rat roars deafeningly!
The hell rat moves out of view.
Found four items.
Found a gate leading back out of this place.
A hell rat is nearby!
A hell rat is nearby!
The hell rat completely misses you.
You hit the hell rat with your +0 long sword.
You hit the hell rat but do no damage. The hell rat barely misses you.
You barely miss the hell rat with your +0 long sword.
You barely miss the hell rat with your +0 dagger.
The hell rat bites you! 😮 HP[-10]
You take 10 damage, and now have 28/38 hp.
MASSIVE DAMAGE!! (PAUSE)
You hit the hell rat but do no damage.
You hit the hell rat with your +0 long sword.
The hell rat barely misses you. 😕 HP[+1]
You closely miss the hell rat with your +0 dagger.
You hit the hell rat but do no damage.
The hell rat bites you but does no damage.
The hell rat bites you. 😮 HP[-1]
You take 1 damage, and now have 28/38 hp.
Unknown command.
You hit the hell rat with your +0 long sword.
You hit the hell rat but do no damage. The hell rat misses you.
You hit the hell rat but do no damage. x2; The hell rat bites you!
* * * LOW HITPOINT WARNING * * *
Unknown command. 😨 HP[-13]
You take 13 damage, and now have 15/38 hp.
MASSIVE DAMAGE!! (PAUSE)
You barely miss the hell rat with your +0 long sword.
You hit the hell rat but do no damage. The hell rat barely misses you.
You closely miss the hell rat with your +0 long sword.
You closely miss the hell rat with your +0 dagger.
The hell rat barely misses you. 😨 HP[+1] Unknown command.
You barely miss the hell rat with your +0 dagger.
You hit the hell rat but do no damage. The hell rat barely misses you.
You hit the hell rat but do no damage.
You hit the hell rat with your +0 long sword.
The hell rat misses you.
You barely miss the hell rat with your +0 long sword.
You closely miss the hell rat with your +0 dagger.
The hell rat bites you.
* * * LOW HITPOINT WARNING * * *
You feel drained.
The hell rat barely misses you. 😨 HP[-6]
You now have 37 max hp (-1).
You take 6 damage, and now have 10/37 hp.
You hit the hell rat with your +0 dagger.
You completely miss the hell rat with your +0 long sword.
The hell rat bites you!
You die...

Skill      XL: |  1  2  3  4  5 |
---------------+----------------+-----
Long Blades    | 4 5 6 |  6.3
Fighting       | |  2.0
Throwing       | |  1.7
Dodging        | |  2.6

Action                     |  1- 3 |  4- 6 || total
---------------------------+-------+-------++-------
  Melee: Long sword        |    52 |   115 ||   167
         Dagger            |    48 |   111 ||   159
    Use: Scroll            |     3 |       ||     3
         Potion            |     1 |     2 ||     3
   Stab: Distracted        |     1 |       ||     1
         Sleeping          |       |     2 ||     2
 Armour: Leather armour    |    23 |    53 ||    76
  Dodge: Dodged            |    30 |    63 ||    93

Levels and vault maps discovered:
D:1:      erik_arrival_triangle_medium, layout_basic
D:2:      layout_loops_cross
D:3:      layout_basic, shapermc_ecumenical_altar_notcrosses,
          portal_sewer_entry_b, uniq_terence, uniq_jessica
Sewer:    sewer_hellmonk_bad_rat

Notes
Turn   | Place    | Note
-------+----------+-------------------------------------------
     0 | D:1      | kae the Coglin Gladiator began the quest for the Orb.
     0 | D:1      | Reached XP level 1. HP: 16/16 MP: 1/1
     0 | D:1      | magus.rc [v1.11.3]
   159 | D:1      | Reached XP level 2. HP: 22/22 MP: 2/2
   761 | D:2      | Reached skill level 4 in Long Blades
   768 | D:2      | HP: 4/22 [adder (2)]
   771 | D:2      | Reached XP level 3. HP: 2/27 MP: 3/3
  1036 | D:2      | Reached XP level 4. HP: 28/33 MP: 4/4
  1137 | D:2      | You pick up a book of Debilitation and begin reading...
  1137 | D:2      | You add the spells Slow, Vampiric Draining and Confusing
                  | Touch to your library.
  1421 | D:3      | Reached skill level 5 in Long Blades
  1507 | D:3      | Found a faded altar of an unknown god.
  1516 | D:3      | Noticed Terence
  1530 | D:3      | Killed Terence
  1551 | D:3      | Noticed Jessica
  1559 | D:3      | Killed Jessica
  1560 | D:3      | Reached XP level 5. HP: 26/38 MP: 5/5
  1668 | D:3      | HP: 6/38 [gnoll/+2 halberd of protection (9)]
  1673 | D:3      | HP: 2/38 [gnoll/+2 halberd of protection (15)]
  1747 | D:3      | Reached skill level 6 in Long Blades
  1778 | D:3      | Found a glowing drain.
  1805 | Sewer    | Entered a sewer
  1825 | Sewer    | HP: 8/38 [river rat (5)]
  1990 | Sewer    | Slain by a hell rat

Vanquished Creatures
  Jessica (D:3)
  Terence (D:3)
  3 gnolls (D:3)
  5 adders
  3 river rats
  A ribbon worm (D:3)
  3 dart slugs (D:2)
  3 ball pythons
  3 endoplasms
  4 giant cockroaches
  A goblin (D:2)
  2 hobgoblins (D:2)
  6 kobolds
  3 quokkas
  3 bats
  2 frilled lizards
  13 rats
57 creatures vanquished.

Table legend:
 A = Non-vault XP
 B = Vault XP
 C = Vault XP percentage of total XP
 D = Non-vault monster count
 E = Vault monster count
 F = Vault count percentage of total count
                 A         B        C        D         E       F
            +---------+---------+-------+---------+---------+-------
      Total |     172 |     127 |  42.5 |      44 |      13 |  22.8
            +---------+---------+-------+---------+---------+-------
        D:1 |      19 |       0 |   0.0 |      13 |       0 |   0.0
        D:2 |      74 |       0 |   0.0 |      20 |       0 |   0.0
        D:3 |      79 |      96 |  54.9 |      11 |       7 |  38.9
      Sewer |       0 |      31 | 100.0 |       0 |       6 | 100.0
            +---------+---------+-------+---------+---------+-------

Skill      XL: |  1  2  3  4  5 |
---------------+----------------+-----
Long Blades    | 4 5 6 |  6.3
Fighting       | |  2.0
Throwing       | |  1.7
Dodging        | |  2.6

Action                     |  1- 3 |  4- 6 || total
---------------------------+-------+-------++-------
  Melee: Long sword        |    52 |   115 ||   167
         Dagger            |    48 |   111 ||   159
    Use: Scroll            |     3 |       ||     3
         Potion            |     1 |     2 ||     3
   Stab: Distracted        |     1 |       ||     1
         Sleeping          |       |     2 ||     2
 Armour: Leather armour    |    23 |    53 ||    76
  Dodge: Dodged            |    30 |    63 ||    93

Illustrated notes

Table legend:
 A = Kills in this place as a percentage of kills in the entire game.
 B = Kills by you in this place as a percentage of kills by you in the entire game.
 C = Kills by friends in this place as a percentage of kills by friends in the entire game.
 D = Other kills in this place as a percentage of other kills in the entire game.
 E = Experience gained in this place as a percentage of experience gained in the entire game.
 F = Experience gained in this place divided by the number of levels of this place that you have seen.
                   A       B       C       D       E      F
               +-------+-------+-------+-------+-------+----------------------
         Total | 100.0 | 100.0 |   N/A |   N/A | 100.0 |  74.8
       Dungeon |  89.5 |  89.5 |   N/A |   N/A |  89.6 |  89.3
         Sewer |  10.5 |  10.5 |   N/A |   N/A |  10.4 |  31.0
               +-------+-------+-------+-------+-------+----------------------

Table legend: (Time is in decaauts)
 A = Elapsed time spent in this place.
 B = Non-inter-level travel time spent in this place.
 C = Inter-level travel time spent in this place.
 D = Time resting spent in this place.
 E = Time spent auto-exploring this place.
 F = Levels seen in this place.
 G = Mean time per level.
                   A        B        C        D        E       F      G
               +--------+--------+--------+--------+--------+-----+--------+
         Total |   2000 |   1954 |     46 |    132 |   1218 |   4 |  500.0 |
       Dungeon |   1809 |   1763 |     46 |     20 |   1196 |   3 |  603.0 |
         Sewer |    190 |    190 |      0 |    112 |     22 |   1 |  190.0 |
               +--------+--------+--------+--------+--------+-----+--------+

Top non-repeatable levels by time:
     D:2: 745 daAuts
     D:1: 650 daAuts
     D:3: 413 daAuts
   Sewer: 190 daAuts
